 Dungeon Crawl Stone Soup version 0.26-a0-652-gafc20e3620 (webtiles) character file.

Game seed: 11146180577692646101

2557 Kraken2834 the Geomancer (level 9, -6/45 HPs)
             Began as a Gargoyle Earth Elementalist on Oct 2, 2020.
             Was a Believer of Vehumet.
             Mangled by a komodo dragon (16 damage)
             ... on level 8 of the Dungeon.
             The game lasted 00:50:12 (8780 turns).

Kraken2834 the Geomancer (GrEE)                     Turns: 8780, Time: 00:50:12

Health: -6/45      AC: 14    Str: 11    XL:     9   Next: 56%
Magic:  24/30      EV: 12    Int: 23    God:    Vehumet [**....]
Gold:   86         SH:  5    Dex: 16    Spells: 22/24 levels left

rFire    . . .     SeeInvis .   y - staff of air
rCold    . . .     Faith    .   (no shield)
rNeg     + . .     Spirit   .   z - +1 robe {MR+}
rPois    ∞         Reflect  +   C - +2 helmet {Int+3}
rElec    +         Harm     .   (no cloak)
rCorr    .         Rampage  .   q - +1 pair of gloves
MR       +....                  (no boots)
Stlth    ++........             p - amulet of reflection
HPRegen  0.15/turn              u - +6 ring of dexterity
MPRegen  0.22/turn              t - ring of magical power

@: no status effects
A: negative energy resistance 1, electricity resistance, unbreathing,
petrification resistance, rot immunity, AC +6
a: Renounce Religion


You were on level 8 of the Dungeon.
You worshipped Vehumet.
Vehumet was pleased with you.
You visited 1 branch of the dungeon, and saw 8 of its levels.

You collected 386 gold pieces.
You spent 300 gold pieces at shops.

Inventory:

Hand Weapons
 h - a +0 quarterstaff
 i - a +2 flail of draining
Missiles
 b - 46 stones (quivered)
Armour
 q - a +1 pair of gloves (worn)
 z - a +1 robe of magic resistance (worn)
 C - a +2 helmet of intelligence (worn)
Magical Staves
 y - an uncursed staff of air (weapon)
Jewellery
 a - an uncursed ring of fire
 o - an uncursed ring of fire
 p - an amulet of reflection (around neck)
 t - a ring of magical power (right hand)
 u - a +6 ring of dexterity (left hand)
 w - an uncursed ring of positive energy
 A - an uncursed ring of protection from cold
Wands
 d - a wand of random effects (63)
 m - a wand of digging (6)
Scrolls
 c - a scroll of enchant armour
 f - 4 scrolls of remove curse
 j - a scroll of random uselessness
 l - 3 scrolls of blinking
 n - 3 scrolls of teleportation
 r - 4 scrolls of identify
 D - a scroll of holy word {unknown}
Potions
 e - 5 potions of stabbing
 k - 2 potions of curing
 s - a potion of brilliance
 v - a potion of heal wounds
 x - a potion of mutation {unknown}
 B - a potion of berserk rage


   Skills:
 - Level 0.3 Fighting
 - Level 0.9(3.3) Maces & Flails
 * Level 5.1 Staves
 - Level 1.6 Dodging
 - Level 2.2 Stealth
 + Level 8.1 Spellcasting
 + Level 1.6 Conjurations
   Level 0.7 Transmutations
 + Level 9.4 Earth Magic


You had 22 spell levels left.
You knew the following spells:

 Your Spells              Type           Power        Failure   Level
a - Sandblast             Erth           ######       1%          1
b - Magic Dart            Conj           ###.         3%          1

Your spell library contained the following spells:

 Spells                   Type           Power        Failure   Level
 Dazzling Flash           Conj/Hex       ##....       14%         3
 Passwall                 Tmut/Erth      ####....     1%          2
 Stone Arrow              Conj/Erth      ####..       1%          3
 Lee's Rapid Deconstruct  Erth           ######....   3%          5
 Petrify                  Tmut/Erth      ####....     9%          4
 Confusing Touch          Hex            #.......     21%         3
 Gell's Gravitas          Tloc           #.........   21%         3
 Yara's Violent Unravell  Hex/Tmut       ##........   86%         5
 Metabolic Englaciation   Hex/Ice        #.........   88%         5


Dungeon Overview and Level Annotations

Branches:
Dungeon (8/15)             Temple (0/1) D:6            Lair (0/6) D:8

Altars:
Cheibriados
Gozag
Kikubaaqudgha
Makhleb
Nemelex Xobeh
Sif Muna
Vehumet
Xom

Shops:
D:7 }[(*(

Portals:
Sewer: D:6


Innate Abilities, Weirdness & Mutations

You are resistant to torment.
Your stone body is resilient. (AC +6)
You are immune to poison.
You resist negative energy. (rN+)
You are resistant to electric shocks. (rElec)
You can survive without breathing.
You are immune to petrification.
You are immune to rotting.


Message History

Aim: a komodo dragon (almost dead, fleeing)
The magic dart hits the komodo dragon but does no damage.
The komodo dragon is almost dead.
Casting: Magic Dart (safe; 3% risk of failure)
Confirm with . or Enter, or press ? or * to list all spells.
Aiming: Magic Dart (safe; 3% risk of failure)
Press: ? - help, Shift-Dir - straight line, f/p - komodo dragon
Aim: a komodo dragon (almost dead, fleeing)
The magic dart hits the komodo dragon but does no damage.
The komodo dragon is almost dead.
Your magical contamination has completely faded away.
Casting: Magic Dart (safe; 3% risk of failure)
Confirm with . or Enter, or press ? or * to list all spells.
Aiming: Magic Dart (safe; 3% risk of failure)
Press: ? - help, Shift-Dir - straight line, f/p - komodo dragon
Aim: a komodo dragon (almost dead, fleeing)
The magic dart hits the komodo dragon but does no damage.
The komodo dragon is almost dead.
The komodo dragon bites you!
You die...

#...............##
#..#####.........#
##.####.....####.#
####.PP......##.#
#P..PP......###
#PP.P........##
#PP...PPPP....#
#PP.>.PPPP.P..#


#PP...PPPPPP#@# ##PPPPPPPPP##l# ############.. ...# .### .# # You could see a
komodo dragon.

Vanquished Creatures
  Maggie (D:7)
  A water moccasin (D:7)
  An orc warrior (D:7)
  2 ice beasts (D:5)
  A sky beast (D:7)
  4 ogres
  Blork the orc (D:5)
  A gnoll sergeant (D:7)
  3 bullfrogs (D:6)
  3 killer bees (D:7)
  A howler monkey (D:5)
  A jelly (D:7)
  3 hounds
  A gnoll shaman (D:5)
  2 orc priests
  4 orc wizards
  2 worker ants
  3 iguanas
  Terence (D:3)
  2 hound zombies
  3 hound skeletons
  14 gnolls
  A worker ant zombie (D:6)
  13 adders
  A howler monkey skeleton (D:4)
  A river rat (D:6)
  A white imp (D:5)
  4 ufetubi
  An ooze (D:4)
  An adder skeleton (D:4)
  2 worms (D:2)
  4 dart slugs
  3 leopard geckos
  17 orcs
  4 ball pythons
  9 bats
  9 giant cockroaches
  10 hobgoblins
  8 jackals
  3 quokkas (D:3)
  5 frilled lizards
  7 goblins
  6 kobolds
  2 leopard gecko skeletons
  10 rats
  A butterfly (D:2)
178 creatures vanquished.

Vanquished Creatures (others)
  3 plants (D:8)
3 creatures vanquished.

Grand Total: 181 creatures vanquished

Notes
Turn   | Place    | Note
-------+----------+-------------------------------------------
     0 | D:1      | Kraken2834 the Gargoyle Earth Elementalist began the quest
                  | for the Orb.
     0 | D:1      | Reached XP level 1. HP: 10/10 MP: 3/3
   199 | D:1      | Reached skill level 4 in Earth Magic
   199 | D:1      | Reached XP level 2. HP: 8/15 MP: 1/5
   964 | D:1      | Reached XP level 3. HP: 15/19 MP: 6/6
  1739 | D:2      | Reached XP level 4. HP: 7/24 MP: 1/8
  2281 | D:2      | Found a shimmering altar of Xom.
  2490 | D:2      | Reached skill level 5 in Earth Magic
  2701 | D:3      | Reached XP level 5. HP: 22/28 MP: 10/10
  2969 | D:3      | Found an ancient bone altar of Kikubaaqudgha.
  3131 | D:3      | Found a burning altar of Makhleb.
  3237 | D:3      | Found a radiant altar of Vehumet.
  3253 | D:3      | Became a worshipper of Vehumet
  3515 | D:3      | Reached skill level 1 in Staves
  3956 | D:3      | Noticed Terence
  3961 | D:3      | Killed Terence
  3961 | D:3      | Reached XP level 6. HP: 32/32 MP: 8/12
  4510 | D:4      | Found a snail-covered altar of Cheibriados.
  4730 | D:4      | Reached * piety under Vehumet
  4730 | D:4      | Offered knowledge of Foxfire by Vehumet.
  4730 | D:4      | Reached skill level 6 in Earth Magic
  4824 | D:4      | Reached skill level 5 in Spellcasting
  4824 | D:4      | Reached XP level 7. HP: 36/36 MP: 10/14
  5246 | D:5      | Entered Level 5 of the Dungeon
  5246 | D:5      | Found a sparkling altar of Nemelex Xobeh.
  5702 | D:5      | Reached skill level 7 in Earth Magic
  5705 | D:5      | Reached XP level 8. HP: 41/41 MP: 11/16
  5808 | D:5      | Noticed Blork the orc
  5815 | D:5      | Killed Blork the orc
  6537 | D:5      | Reached skill level 8 in Earth Magic
  6941 | D:6      | Offered knowledge of Magic Dart by Vehumet.
  6947 | D:6      | Reached ** piety under Vehumet
  7072 | D:6      | Found a shimmering blue altar of Sif Muna.
  7075 | D:6      | Learned a level 1 spell: Magic Dart
  7301 | D:6      | Found a staircase to the Ecumenical Temple.
  7362 | D:6      | Found a glowing drain.
  7415 | D:7      | Found Niesas's Gadget Emporium.
  7461 | D:7      | Noticed Maggie
  7481 | D:7      | Killed Maggie
  7481 | D:7      | Reached skill level 1 in Conjurations
  7481 | D:7      | Reached XP level 9. HP: 15/45 MP: 13/20
  7687 | D:7      | Found an opulent altar of Gozag.
  7738 | D:7      | Found Lodit's Antique Armour Shop.
  7749 | D:7      | Found Vebyaxuc's Weapon Emporium.
  7753 | D:7      | Reached skill level 9 in Earth Magic
  7811 | D:7      | Bought an embroidered robe for 96 gold pieces
  7850 | D:7      | Offered knowledge of Dazzling Flash by Vehumet.
  8071 | D:7      | Reached skill level 5 in Staves
  8328 | D:7      | Reached *** piety under Vehumet
  8423 | D:7      | Found Yceimug's Assorted Antiques.
  8429 | D:7      | Bought a runed helmet for 180 gold pieces
  8429 | D:7      | Bought a scroll labeled YVVOXUTALL for 24 gold pieces
  8536 | D:7      | Found Ugyul's Antique Weapon Boutique.
  8728 | D:8      | Found a staircase to the Lair.
  8728 | D:8      | Noticed a komodo dragon
  8780 | D:8      | Mangled by a komodo dragon

Illustrated notes

Levels and vault maps discovered:
D:1:      minmay_arrival_doors, layout_rooms, st_stairs_3
D:2:      layout_rooms, xom_butterflies, minmay_3d_cube
D:3:      layout_basic, vehumet_crystals, lemuel_crystal_altar,
          old_standard_altar, uniq_terence
D:4:      layout_loops_ring, kennysheep_slug_shrine
D:5:      layout_gridville, nemelex_xobeh_ov_fountains_minmay,
          uniq_blork_the_orc
D:6:      layout_rooms, lemuel_blue_sif_altar, minmay_temple_entry_trees,
          portal_sewer_entry_b, corexii_corridor_pit
D:7:      layout_basic, serial_shops, nicolae_shop_waterfront, shop, shop,
          shop_statue, shop_statue, nicolae_gozag_seed_capital, uniq_maggie
D:8:      layout_cave_pods, david_lair_shrubbed, serial_column_ruins,
          column_ruins_hut_ruined, column_ruins_hut_ruined,
          column_ruins_open_tiny, column_ruins_open_medium,
          column_ruins_open_tiny, column_ruins_open_tiny,
          gammafunk_ghost_gnarly_gnolls, minmay_fountain_box,
          minmay_misc_feat_tower

Skill      XL: |  1  2  3  4  5  6  7  8  9 |
---------------+----------------------------+-----
Earth Magic    | 4 5 6 7 8 9 |  9.4
Spellcasting   | 3 4 5 7 8 |  8.1
Staves         | 1 2 3 4 5 |  5.1
Conjurations   | 1 |  1.6
Fighting       | |  0.3
Maces & Flails | |  0.9
Dodging        | |  1.6
Stealth        | |  2.2
Transmutations | |  0.7

Action                   |  1- 3 |  4- 6 |  7- 9 || total
-------------------------+-------+-------+-------++-------
Melee: Unarmed           |   166 |     9 |       ||   175
       Flail             |       |    89 |       ||    89
       Quarterstaff      |       |    93 |    22 ||   115
       Staff             |       |       |    14 ||    14
Throw: Stone             |     1 |    81 |       ||    82
 Cast: Sandblast         |    35 |    60 |   138 ||   233
       Magic Dart        |       |       |    42 ||    42
  Use: Scroll            |     7 |     3 |     5 ||    15
       Potion            |     3 |     5 |       ||     8
 Stab: Sleeping          |       |     4 |       ||     4
Armor: Robe              |   115 |    96 |    33 ||   244
Dodge: Dodged            |   188 |   186 |    33 ||   407
Block: Other             |       |       |    20 ||    20

Table legend: (Time is in decaauts)
 A = Elapsed time spent in this place.
 B = Non-inter-level travel time spent in this place.
 C = Inter-level travel time spent in this place.
 D = Time resting spent in this place.
 E = Time spent auto-exploring this place.
 F = Levels seen in this place.
 G = Mean time per level.
                   A        B        C        D        E       F      G
               +--------+--------+--------+--------+--------+-----+--------+
         Total |   8854 |   8689 |    165 |   1465 |   5694 |   8 | 1106.8 |
       Dungeon |   8854 |   8689 |    165 |   1465 |   5694 |   8 | 1106.8 |
               +--------+--------+--------+--------+--------+-----+--------+

Top non-repeatable levels by time:
     D:3: 1483 daAuts
     D:5: 1410 daAuts
     D:2: 1407 daAuts
     D:7: 1304 daAuts
     D:1: 1267 daAuts
     D:4: 1167 daAuts
     D:6: 752 daAuts
     D:8: 62 daAuts
